 Dungeon Crawl Stone Soup version 0.29-a0-575-g0dc89cf053 (webtiles) character file.

Game seed: 16278574193533018823

9 DocClef the Covert (level 2, -2/29 HPs)
             Began as a Gnoll Delver on June 12, 2022.
             Slain by a wight
             ... wielding a +2 long sword
              (6 damage)
             ... on level 5 of the Dungeon.
             The game lasted 00:00:10 (58 turns).

DocClef the Covert (Gnoll Delver)                     Turns: 58, Time: 00:00:11

Health: -2/29      AC:  3    Str: 11    XL:     2   Next: 12%
Magic:  2/2        EV: 13    Int:  9    God:
Gold:   0          SH:  0    Dex: 13    Spells: 1/1 levels left

rFire   . . .      SeeInvis .   a - +0 short sword
rCold   . . .      Faith    .   (no shield)
rNeg    . . .      Spirit   .   b - +0 leather armour
rPois   .          Reflect  .   (no helmet)
rElec   .          Harm     .   (no cloak)
rCorr   .          Rampage  .   (no gloves)
Will    .....                   (no boots)
Stlth   ++........              (no amulet)
HPRegen 0.09/turn               (no ring)
MPRegen 0.08/turn               (no ring)

@: lit by a corona, glowing
A: fangs 1, strong nose, distributed training
a: no special abilities


You were on level 5 of the Dungeon.
You visited 1 branch of the dungeon, and saw 1 of its levels.

Inventory:

Hand Weapons
 a - a +0 short sword (weapon)
Armour
 b - a +0 leather armour (worn)
Wands
 g - a wand of digging (3)
Scrolls
 c - a scroll of fog
 d - a scroll of magic mapping
 e - a scroll of fear
Potions
 f - a potion of haste


   Skills:
 + Level 6.4 Fighting
 + Level 4.4 Short Blades
 + Level 0.3 Long Blades
 + Level 0.3 Axes
 + Level 0.3 Maces & Flails
 + Level 0.3 Polearms
 + Level 0.3 Staves
 + Level 0.3 Slings
 + Level 0.3 Bows
 + Level 0.3 Crossbows
 + Level 0.3 Throwing
 + Level 0.3 Armour
 + Level 4.4 Dodging
 + Level 9.5 Stealth
 + Level 0.3 Shields
 + Level 0.3 Unarmed Combat
 + Level 0.3 Spellcasting
 + Level 0.2 Conjurations
 + Level 0.2 Hexes
 + Level 0.2 Summonings
 + Level 0.2 Necromancy
 + Level 0.2 Translocations
 + Level 0.2 Transmutations
 + Level 0.2 Fire Magic
 + Level 0.2 Ice Magic
 + Level 0.2 Air Magic
 + Level 0.2 Earth Magic
 + Level 0.2 Poison Magic
 + Level 0.4 Invocations
 + Level 0.3 Evocations


You had one spell level left.
You didn't know any spells.
Your spell library was empty.

Dungeon Overview and Level Annotations

Branches:
Dungeon (5/15)
 Temple: D:4-7

Altars:


Innate Abilities, Weirdness & Mutations

You have very sharp teeth.
Your uncanny sense of smell can sniff out nearby items.
Your experience applies equally to all skills.


Message History

There are monsters nearby! 2 gnolls come into view.
A gnoll is wielding a +0 flail of distortion.
The gnoll shaman shouts!
You hear a shout!
The adder bites you.
You are poisoned.
The adder poisons you!
You feel sick.
You feel sick. The adder misses you.
You feel sick.
You feel sick.
You feel sick.
You are no longer poisoned.
The adder barely misses you. The adder attacks as you move away!
The adder bites you but does no damage.
The adder closely misses you. 2 wights and a scorpion come into view.
The adder attacks as you move away!
The adder misses you. 2 wights come into view.
A wight is wielding a +2 vampiric spear.
The gnoll shouts!
The adder misses you.
The gnoll hits you from afar with a +0 spear.
The adder misses you. The wight attacks as you move away!
The wight hits you with a +2 long sword!
* * * LOW HITPOINT WARNING * * *
The gnoll closely misses you. The adder attacks as you move away!
The adder bites you.
* * * LOW HITPOINT WARNING * * *
The adder closely misses you. The adder attacks as you move away!
The adder completely misses you.
The gnoll shaman invokes the aid of its god against you.
You are outlined in light.
The gnoll throws a throwing net.
The throwing net misses you. The adder closely misses you.
You see here a throwing net.
The wight attacks as you move away!
The wight hits you with a +2 long sword.
You die...

#........... #. #..........#
####.###.........#
#..........<.....# # #....
##z.#......##
#.#....##.g...#......
#...................#
#.......Ss....g......
#......@zg.##..########. ...
..............#####.g.gg
<#...##......g.#...##..####
#. #.#...##.....##.###g##.#
##.##...#.#....#....#.......
.....##.......##.....##.###
# #.#.##.#.#...#..##### ...
#.###...##<#.#.....## ##..
#..>.........#...### .#


You could see a gnoll shaman, a scorpion, 2 wights, 3 gnolls and an adder.

Vanquished Creatures
  An adder (D:5)
1 creature vanquished.

Notes
Turn   | Place    | Note
-------+----------+-------------------------------------------
     0 | D:5      | Reached skill level 9 in Stealth
     0 | D:5      | DocClef the Gnoll Delver began the quest for the Orb.
     0 | D:5      | Reached XP level 1. HP: 23/23 MP: 1/1
    23 | D:5      | Reached XP level 2. HP: 29/29 MP: 2/2
    48 | D:5      | Noticed a wight
    48 | D:5      | Noticed a wight
    48 | D:5      | Noticed a scorpion
    51 | D:5      | Noticed a wight
    51 | D:5      | Noticed a wight
    58 | D:5      | Slain by a wight

Illustrated notes

Levels and vault maps discovered:
D:5:      layout_rooms, nemelex_spade_bored_becter,
          minmay_temple_entry_large_hall, uniq_sigmund

Skill      XL: | |
---------------+-+-----
Stealth        | |  9.5
Fighting       | |  6.4
Short Blades   | |  4.4
Long Blades    | |  0.3
Axes           | |  0.3
Maces & Flails | |  0.3
Polearms       | |  0.3
Staves         | |  0.3
Slings         | |  0.3
Bows           | |  0.3
Crossbows      | |  0.3
Throwing       | |  0.3
Armour         | |  0.3
Dodging        | |  4.4
Shields        | |  0.3
Unarmed Combat | |  0.3
Spellcasting   | |  0.3
Conjurations   | |  0.2
Hexes          | |  0.2
Summonings     | |  0.2
Necromancy     | |  0.2
Translocations | |  0.2
Transmutations | |  0.2
Fire Magic     | |  0.2
Ice Magic      | |  0.2
Air Magic      | |  0.2
Earth Magic    | |  0.2
Poison Magic   | |  0.2
Invocations    | |  0.4
Evocations     | |  0.3

Action                   || total
-------------------------++-------
Melee: Short sword       ||     1
 Stab: Sleeping          ||     1
Armor: Leather armour    ||     1
Dodge: Dodged            ||    11

Table legend: (Time is in decaauts)
 A = Elapsed time spent in this place.
 B = Non-inter-level travel time spent in this place.
 C = Inter-level travel time spent in this place.
 D = Time resting spent in this place.
 E = Time spent auto-exploring this place.
 F = Levels seen in this place.
 G = Mean time per level.
                   A        B        C        D        E       F      G
               +--------+--------+--------+--------+--------+-----+--------+
         Total |     57 |     57 |      0 |      0 |     28 |   1 |   57.0 |
       Dungeon |     57 |     57 |      0 |      0 |     28 |   1 |   57.0 |
               +--------+--------+--------+--------+--------+-----+--------+

Top non-repeatable levels by time:
     D:5: 57 daAuts
